 Dungeon Crawl Stone Soup version 0.24-a0-378-g94936e5 (webtiles) character file.

Game seed: 2287255115369232523

581 topirishpotato the Shield-Bearer (level 7, 0/55 HPs)
             Began as a Formicid Fighter on June 2, 2019.
             Was a Follower of Okawaru.
             Succumbed to a scorpion's poison
             ... on level 4 of the Dungeon.
             The game lasted 00:06:32 (3309 turns).

topirishpotato the Shield-Bearer (Formicid Fighter) Turns: 3309, Time: 00:06:33

Health: 0/55       AC:  9    Str: 22    XL:     7   Next: 63%
Magic:  7/7        EV:  7    Int:  8    God:    Okawaru [*.....]
Gold:   181        SH: 10    Dex: 10    Spells: 6/6 levels left

rFire    . . .     SeeInvis +   g - +0 hand axe
rCold    . . .     Gourm    .   c - +0 shield
rNeg     . . .     Faith    .   k - +0 chain mail
rPois    .         Spirit   .   (helmet unavailable)
rElec    .         Reflect  .   (no cloak)
rCorr    .         Harm     .   (no gloves)
MR       +....                  (no boots)
Stlth    ..........             (no amulet)
HPRegen  0.18/turn              r - ring of protection from magic
MPRegen  0.10/turn              (no ring)

@: lethally poisoned (0 -> -9)
A: permanent stasis, dig shafts and tunnels, four strong arms, antennae 3
a: Dig, Shaft Self, Heroism, Renounce Religion


You were on level 4 of the Dungeon.
You worshipped Okawaru.
Okawaru was aware of your devotion.
You were very hungry.

You visited 1 branch of the dungeon, and saw 6 of its levels.

You collected 181 gold pieces.

Inventory:

Hand Weapons
 g - a +0 hand axe (weapon)
Armour
 c - a +0 shield (worn)
 k - a +0 chain mail (worn)
Jewellery
 d - a +4 amulet of reflection {unknown}
 r - a ring of protection from magic (left hand)
Wands
 o - a wand of random effects (17)
Scrolls
 a - a scroll of magic mapping {unknown}
 b - 3 scrolls of remove curse {unknown}
 h - a scroll of blinking {unknown}
 i - a scroll of enchant armour {unknown}
 j - a scroll of amnesia {unknown}
 m - 2 scrolls of teleportation {unknown}
 q - 3 scrolls of identify {unknown}
Potions
 s - 2 potions of magic
Comestibles
 f - 11 rations


   Skills:
 + Level 4.5 Fighting
 + Level 4.5 Axes
 + Level 5.0 Armour
 + Level 1.2 Dodging
 + Level 6.2 Shields


You had 6 spell levels left.
You didn't know any spells.
Your spell library was empty.

Dungeon Overview and Level Annotations

Branches:
Dungeon (6/15)
 Temple: D:4-7

Altars:
Okawaru
Uskayaw


Innate Abilities, Weirdness & Mutations

You cannot be hasted, slowed, berserked, paralysed or teleported.
You can dig through walls and to a lower floor.
Your four strong arms can wield two-handed weapons with a shield.
You have a pair of large antennae on your head. (SInv)


Message History

You kill the gnoll!
Okawaru accepts your kill.
* * * LOW HITPOINT WARNING * * *
You feel sick.
You hit the worker ant but do no damage.
* * * LOW HITPOINT WARNING * * *
You feel sick. You block the worker ant's attack. The gnoll closely misses you.
The gnoll hits you from afar with a +0 spear.
* * * LOW HITPOINT WARNING * * *
The worker ant completely misses you.
The gnoll shouts!
You hit the worker ant but do no damage.
* * * LOW HITPOINT WARNING * * *
You feel sick. The gnoll hits you but does no damage.
The gnoll hits you from afar with a +0 spear.
* * * LOW HITPOINT WARNING * * *
You block the worker ant's attack.
You hit the worker ant.
The worker ant is lightly wounded.
You die...

##+###......{{a....##..##
.........{#######>.......
.......g#..# #........
#######.##.... ##{g?...#
#<# ####.####{g...# #.##
..##.#...# #gg#
#...g#.... ##a# ##.......
#@# #.......> #<#
##........ #.# #.........
#.# ##.........
#####.######...†>.....
##.....#.....†#........
##.............####.####
#...............# #.#
#..............[# ..#


You could see a worker ant and 3 gnolls.

Vanquished Creatures
  2 ogres
  A scorpion (D:4)
  A centaur zombie (D:6)
  A bullfrog skeleton (D:5)
  2 hounds
  2 orc wizards (D:6)
  6 adders
  4 gnolls
  An ooze (D:1)
  2 worms
  2 dart slugs
  3 leopard geckos
  8 orcs
  6 giant cockroaches
  5 hobgoblins
  7 jackals
  4 quokkas
  2 bats
  A frilled lizard (D:1)
  8 goblins
  6 kobolds
  A quokka skeleton (D:5)
  5 rats
80 creatures vanquished.

Notes
Turn   | Place    | Note
-------+----------+-------------------------------------------
     0 | D:1      | topirishpotato the Formicid Fighter began the quest for the
                  | Orb.
     0 | D:1      | Reached XP level 1. HP: 18/18 MP: 1/1
    71 | D:1      | Reached XP level 2. HP: 24/24 MP: 2/2
   189 | D:1      | Reached skill level 4 in Shields
   257 | D:1      | Reached XP level 3. HP: 25/29 MP: 3/3
  1282 | D:3      | Reached XP level 4. HP: 31/37 MP: 4/4
  1633 | D:3      | Reached skill level 5 in Shields
  1633 | D:3      | Reached XP level 5. HP: 34/42 MP: 5/5
  1658 | D:3      | Found an iron altar of Okawaru.
  1668 | D:3      | Became a worshipper of Warmaster Okawaru
  1768 | D:3      | Noticed an ogre
  1780 | D:3      | HP: 1/42 [ogre/+0 giant club (8)]
  1781 | D:3      | Killed an ogre
  1781 | D:3      | Reached XP level 6. HP: 1/48 MP: 6/6
  2114 | D:3      | You fall into a shaft and drop 3 floors!
  2115 | D:6      | Noticed a +0 dagger
  2115 | D:6      | Noticed a +0 hand axe
  2441 | D:6      | Found a hide-covered altar of Uskayaw.
  2471 | D:5      | Entered Level 5 of the Dungeon
  2471 | D:5      | Noticed a phantom
  2521 | D:5      | Reached XP level 7. HP: 20/54 MP: 7/7
  2693 | D:5      | HP: 2/54 [phantom (4)]
  2839 | D:5      | Reached * piety under Okawaru
  2839 | D:5      | Reached skill level 1 in Dodging
  2839 | D:5      | Reached skill level 6 in Shields
  3301 | D:4      | Reached skill level 5 in Armour
  3308 | D:4      | HP: 1/55 [gnoll/+0 spear (4)]
  3309 | D:4      | Succumbed to a scorpion's poison

Levels and vault maps discovered:
D:1:      dpeg_arrival_rooms_with_view, layout_loops_cross,
          hangedman_decor_points, minivault_25
D:2:      layout_loops_ring, first_ration
D:3:      layout_basic, okawaru_trees_2
D:4:      cheibrodos_pilgrimage, layout_rooms, lemuel_doored_altar,
          minmay_temple_entry_poolview, enter_ossuary_1, minmay_shop_damaged,
          uniq_robin
D:5:      layout_loops_ring, nemelex_xobeh_ov_fountains_minmay, basic_altar,
          uniq_crazy_yiuf_cottage, uniq_edmund
D:6:      layout_rooms, dancing_weapons_uskayaw

Skill      XL: |  1  2  3  4  5  6  7 |
---------------+----------------------+-----
Shields        | 4 5 6 |  6.2
Fighting       | 4 |  4.5
Axes           | 3 4 |  4.5
Armour         | 4 5 |  5.0
Dodging        | 1 |  1.2

Action                   |  1- 3 |  4- 6 |  7- 9 || total
-------------------------+-------+-------+-------++-------
Melee: War axe           |     8 |       |       ||     8
       Hand axe          |    95 |   157 |   152 ||   404
  Use: Potion            |       |     3 |     7 ||    10
 Stab: Invisible         |       |       |     2 ||     2
  Eat: Chunk             |       |     4 |       ||     4
       Ration            |       |       |     1 ||     1
Armor: Scale mail        |    24 |       |       ||    24
       Chain mail        |    18 |    83 |    41 ||   142
       Skin              |       |       |    25 ||    25
Dodge: Dodged            |    25 |    43 |    53 ||   121
Block: Shield            |    58 |   120 |    87 ||   265

Table legend:
 A = Non-vault XP
 B = Vault XP
 C = Vault XP percentage of total XP
 D = Non-vault monster count
 E = Vault monster count
 F = Vault count percentage of total count
                 A         B        C        D         E       F
            +---------+---------+-------+---------+---------+-------
      Total |     828 |       3 |   0.4 |      78 |       2 |   2.5
            +---------+---------+-------+---------+---------+-------
        D:1 |      44 |       3 |   6.4 |      21 |       2 |   8.7
        D:2 |      17 |       0 |   0.0 |       9 |       0 |   0.0
        D:3 |     231 |       0 |   0.0 |      28 |       0 |   0.0
        D:4 |     137 |       0 |   0.0 |       5 |       0 |   0.0
        D:5 |     221 |       0 |   0.0 |       8 |       0 |   0.0
        D:6 |     178 |       0 |   0.0 |       7 |       0 |   0.0
            +---------+---------+-------+---------+---------+-------
